 Dungeon Crawl Stone Soup version 0.31.0-11-ge490571c62 (webtiles) character file.

Game seed: 9555165855462787659

74 Silvore the Trooper (level 4, 0/35 HPs)
             Began as a Demonspawn Fighter on Feb 11, 2024.
             Slain by an orc
             ... wielding a +2 trident of flaming
              (1 damage)
             ... on level 3 of the Dungeon.
             The game lasted 00:02:58 (2092 turns).

Silvore the Trooper (Demonspawn Fighter)            Turns: 2092, Time: 00:02:59

Health: 0/35       AC: 15    Str: 18    XL:     4   Next: 10%
Magic:  4/4        EV:  5    Int:  9    God:
Gold:   135        SH:  4    Dex: 12    Spells: 3/3 levels left

rFire   . . .        a - +0 long sword
rCold   . . .        c - +0 buckler
rNeg    . . .        h - +0 plate armour
rPois   .            (no helmet)
rElec   .            (no cloak)
rCorr   .            k - +0 pair of gloves
SInv    .            (no boots)
Will    +....        (no amulet) Stlth
                     e - ring of willpower
HPRegen 0.25/turn    (no ring)
MPRegen 0.09/turn

%: no passive effects
@: no status effects
A: molten scales 2, demonic guardian 1
a: no special abilities


You were on level 3 of the Dungeon.
You visited 1 branch of the dungeon, and saw 3 of its levels.

You collected 135 gold pieces.

Inventory:

Hand Weapons
 a - a +0 long sword (weapon)
Armour
 b - a +0 scale mail
 c - a +0 buckler (worn)
 h - a +0 plate armour (worn)
 k - a +0 pair of gloves (worn)
Jewellery
 e - a ring of willpower (left hand)
Wands
 g - a wand of roots (8)
Scrolls
 o - a scroll of identify {unknown}
 p - a scroll of brand weapon {unknown}
Potions
 d - a potion of might
 f - a potion of degeneration {unknown}
 i - a potion of heal wounds {unknown}
 j - a potion of cancellation {unknown}
 l - a potion of attraction {unknown}
 m - a potion of curing {unknown}
 n - a potion of magic {unknown}


   Skills:
 + Level 3.4 Fighting
 + Level 2.6 Long Blades
 + Level 3.3 Armour
 + Level 3.0 Shields


You had 3 spell levels left.
You didn't know any spells.
Your spell library contained the following spells:

 Spells                   Type           Power      Damage    Failure   Level
 Apportation              Tloc           0%         N/A       100%        1
 Freeze                   Ice            0%         1d3       100%        1
 Necrotise                Necr           0%         1d4       100%        1
 Sting                    Conj/Alch      0%         1d3       100%        1
 Summon Small Mammal      Summ           0%         N/A       100%        1
 Frozen Ramparts          Ice            0%         1d1       100%        3
 Hailstorm                Conj/Ice       0%         3d5       100%        3


Dungeon Overview and Level Annotations

Branches:
Dungeon (3/15)

Altars:
Sif Muna


Innate Abilities, Weirdness & Mutations

You are mostly covered in molten scales. (AC +3)
A weak demonic guardian rushes to your aid.


Message History

The orc priest calls down the wrath of Beogh upon you.
You resist with some effort.
An orc comes into view. It is wielding a +3 short sword.
You block the orc's attack.
The orc priest hits you with a +0 short sword.
You block the orc's attack.
You barely miss the orc.
The orc is severely wounded.
The orc priest calls upon Beogh to heal the orc.
The orc's wounds heal themselves!
The orc hits you but does no damage.
You hear a shout!
You closely miss the orc.
The orc priest hits you but does no damage.
You block the orc's attack.
You hit the orc priest.
The orc priest is moderately wounded.
You block the orc priest's attack. The orc hits you but does no damage. x2
The orc priest hits you but does no damage.
You hit the orc priest.
The orc priest is heavily wounded.
You block the orc priest's attack. The orc hits you but does no damage.
You hit the orc priest.
The orc priest is severely wounded.
The orc priest hits you with a +0 short sword.
The orc barely misses you.
You barely miss the orc priest.
The orc priest is severely wounded.
The orc priest hits you but does no damage.
The orc hits you but does no damage. x2
The orc priest hits you but does no damage.
You closely miss the orc priest.
The orc priest is severely wounded.
The orc priest invokes the aid of Beogh against you.
Beogh smites you!
* * * LOW HITPOINT WARNING * * *
A demonic guardian appears!
The orc hits you with a +2 trident of flaming.
* * * LOW HITPOINT WARNING * * *
The orc burns you.
You die...

###### #....#####
#.5.@o### ##########
######o..####.....#...
#...o.##..##..........
#....o###.............
#.....# ##............
#..o#### ##...........
.......
#####...........
.......
#...............
...o...
#..####..........


You could see an orc priest, an orc (ally target) and a friendly quasit
(summoned).

Vanquished Creatures
  2 adders (D:2)
  A ribbon worm (D:2)
  2 dart slugs (D:2)
  5 bats
  8 endoplasms
  2 giant cockroaches
  3 goblins
  6 hobgoblins
  5 ball pythons
  5 frilled lizards
  3 kobolds
  3 rats (D:2)
45 creatures vanquished.

Vanquished Creatures (collateral kills)
  A ribbon worm (D:2)
1 creature vanquished.

Grand Total: 46 creatures vanquished

Notes
Turn   | Place    | Note
-------+----------+-------------------------------------------
     0 | D:1      | Silvore the Demonspawn Fighter began the quest for the Orb.
     0 | D:1      | Reached XP level 1. HP: 18/18 MP: 1/1
   536 | D:2      | Gained mutation: You are partially covered in molten
                  | scales. (AC +2) [demonic ancestry]
   536 | D:2      | Reached XP level 2. HP: 21/24 MP: 2/2
   780 | D:2      | Gained mutation: A weak demonic guardian rushes to your
                  | aid. [demonic ancestry]
   780 | D:2      | Reached XP level 3. HP: 29/29 MP: 3/3
   807 | D:2      | Found a shimmering blue altar of Sif Muna.
  1897 | D:3      | Gained mutation: You are mostly covered in molten scales.
                  | (AC +3) [demonic ancestry]
  1897 | D:3      | Reached XP level 4. HP: 30/35 MP: 4/4
  2092 | D:3      | HP: 1/35 [orc/+2 trident of flaming (1)]
  2092 | D:3      | Slain by an orc

Illustrated notes

Levels and vault maps discovered:
D:1:      saegor_arrival_simple_d, layout_loops_ring
D:2:      layout_basic, basic_altar, minmay_misc_feat_tower
D:3:      layout_rooms

Skill      XL: |  1  2  3 |
---------------+----------+-----
Long Blades    | 2 |  2.6
Armour         | 3 |  3.3
Shields        | 3 |  3.0
Fighting       | |  3.4

Action                     |  1- 3 |  4- 6 || total
---------------------------+-------+-------++-------
  Melee: Long sword        |   132 |    21 ||   153
    Use: Scroll            |     2 |       ||     2
 Armour: Plate armour      |   144 |    28 ||   172
         Scale mail        |     3 |       ||     3
  Dodge: Dodged            |    37 |     5 ||    42
  Block: Buckler           |    25 |     9 ||    34
